 Dungeon Crawl Stone Soup version 0.29.1-12-g30fa7ad0bf (webtiles) character file.

Game seed: 2453132624928051783

113 hitthewallwitha the Cudgeller (level 4, -7/41 HPs)
             Began as a Minotaur Berserker on Dec 21, 2022.
             Was a Follower of Trog.
             Mangled by an orc wizard
             ... wielding a +2 dagger of electrocution
              (19 damage)
             ... on level 4 of the Dungeon.
             The game lasted 00:13:04 (2683 turns).

hitthewallwitha the Cudgeller (Minotaur Berserker)  Turns: 2683, Time: 00:13:05

Health: -7/41      AC: 20    Str: 24    XL:     4   Next: 65%
Magic:  3/3        EV:  9    Int:  4    God:    Trog [*.....]
Gold:   53         SH:  5    Dex:  9    Spells: 3/3 levels left

rFire   . . .      SeeInvis .   u - +0 hammer (protect)
rCold   . . .      Faith    .   (no shield)
rNeg    . . .      Spirit   .   p - +0 chain mail
rPois   .          Reflect  +   (helmet restricted)
rElec   .          Harm     .   t - +2 cloak
rCorr   .          Rampage  .   j - +0 pair of gloves
Will    .....                   (no boots)
Stlth   ..........              r - amulet of reflection
HPRegen 0.13/turn               (no ring)
MPRegen 0.08/turn               (no ring)

@: under a protective aura
A: horns 2, retaliatory headbutt
a: Renounce Religion, Berserk


You were on level 4 of the Dungeon.
You worshipped Trog.
Trog was aware of your devotion.
You visited 1 branch of the dungeon, and saw 3 of its levels.

You collected 53 gold pieces.

Inventory:

Hand Weapons
 a - a +0 mace
 f - a +0 spear
 s - a +4 quarterstaff of chaos
 u - a +0 hammer of protection (weapon)
Missiles
 h - 16 stones (quivered)
Armour
 b - a +0 animal skin
 e - a +0 troll leather armour
 j - a +0 pair of gloves (worn)
 n - a +0 ring mail
 p - a +0 chain mail (worn)
 q - a +0 ring mail
 t - a +2 cloak (worn)
Jewellery
 r - an amulet of reflection (around neck)
Scrolls
 c - a scroll of enchant armour {unknown}
 d - a scroll of immolation
 g - a scroll of teleportation {unknown}
 i - a scroll of butterflies {unknown}
 k - a scroll of identify {unknown}
Potions
 l - a potion of curing {unknown}
 m - a potion of mutation {unknown}
 o - a potion of brilliance {unknown}


   Skills:
 + Level 4.6 Fighting
 + Level 5.1 Maces & Flails
 + Level 2.7 Armour
 + Level 3.1 Dodging
 + Level 0.2 Stealth


You had 3 spell levels left.
You didn't know any spells.
Your spell library contained the following spells:

 Spells                   Type           Power      Damage    Failure   Level
 Ensorcelled Hibernation  Hex/Ice        0%         N/A       100%        2
 Spider Form              Tmut/Pois      0%         N/A       100%        3
 Anguish                  Hex/Necr       0%         N/A       100%        4


Dungeon Overview and Level Annotations

Branches:
Dungeon (2/15)

Altars:


Innate Abilities, Weirdness & Mutations

You have a pair of horns on your head.
You reflexively headbutt those who attack you in melee.


Message History

An orc comes into view. It is wielding a +0 mace.
You barely miss the hobgoblin. You block the hobgoblin's attack.
You thump the hobgoblin!
You kill the hobgoblin!
Trog accepts your kill.
An orc comes into view. It is wielding a +0 short sword.
You closely miss the orc wizard.
The orc wizard gestures at you while chanting.
The magic dart hits you but does no damage.
The orc wizard points at you and mumbles some strange words.
You are confused.
You completely miss the orc wizard. Your headbutt misses the orc wizard.
The orc wizard hits you but does no damage.
You're too confused to move!
You miss the orc wizard. Your headbutt misses the orc wizard.
The orc wizard mumbles some strange words.
The orc wizard flickers and vanishes!
Deactivating autopickup; reactivate with Ctrl-A.
The orc closely misses you.
You bump into the rock wall.
Something hits you but does no damage. The orc hits you with a +0 mace.
You thump the orc!
Your weapon exudes an aura of protection.
You kill the orc!
Trog accepts your kill. Something hits you.
You bump into the rock wall.
You bump into the rock wall.
You feel less confused. Something hits you but does no damage.
You sock the orc!
Your weapon exudes an aura of protection.
You kill the orc!
Trog accepts your kill. Something hits you.
You are electrocuted!
You barely miss something. Your headbutt misses something.
Something hits you but does no damage.
You are electrocuted!
* * * LOW HITPOINT WARNING * * *
Something hits you but does no damage.
You are electrocuted!!
You die...

# #
....#.#####
#....o{)#
#.....###@#
###oo #.#
#. #.# #
#.# #.# #.#
#.# ..#
.###


You could see an orc.

Vanquished Creatures
  A hound (D:2)
  Crazy Yiuf (D:2)
  An adder (D:2)
  2 dart slugs (D:1)
  3 orcs (D:4)
  4 ball pythons (D:1)
  4 bats
  3 endoplasms (D:1)
  A giant cockroach (D:1)
  2 goblins (D:1)
  3 hobgoblins
  3 jackals (D:1)
  3 quokkas (D:1)
  3 kobolds
34 creatures vanquished.

Vanquished Creatures (others)
  3 fungi (D:2)
3 creatures vanquished.

Grand Total: 37 creatures vanquished

Notes
Turn   | Place    | Note
-------+----------+-------------------------------------------
     0 | D:1      | hitthewallwitha the Minotaur Berserker began the quest for
                  | the Orb.
     0 | D:1      | Reached XP level 1. HP: 19/19 MP: 0/0
   675 | D:1      | Reached skill level 4 in Maces & Flails
   675 | D:1      | Reached XP level 2. HP: 26/27 MP: 1/1
   683 | D:1      | Found a faded altar of an unknown god.
  1607 | D:1      | Reached XP level 3. HP: 26/33 MP: 2/2
  2162 | D:2      | Reached XP level 4. HP: 32/41 MP: 3/3
  2255 | D:2      | Found a runed translucent door.
  2256 | D:2      | Noticed Crazy Yiuf
  2267 | D:2      | Killed Crazy Yiuf
  2268 | D:2      | Reached skill level 5 in Maces & Flails
  2657 | D:2      | You fall into a shaft and drop 2 floors!
  2683 | D:4      | Mangled by an orc wizard

Illustrated notes

Levels and vault maps discovered:
D:1:      psy_arrival_basics, layout_loops_ring, basic_ecumenical_altar
D:2:      layout_basic, serial_glass, glass_columns_b, glass_columns_c,
          uniq_crazy_yiuf_cottage
D:4:      layout_loops_ring, pdpol_wu_jian_five_deadly_venoms,
          gammafunk_ghost_cemetery, uniq_menkaure

Skill      XL: |  1  2  3  4 |
---------------+-------------+-----
Maces & Flails | 4 5 |  5.1
Fighting       | 4 |  4.6
Dodging        | 3 |  3.1
Armour         | |  2.7
Stealth        | |  0.2

Action                   |  1- 3 |  4- 6 || total
-------------------------+-------+-------++-------
Melee: Mace              |    60 |    37 ||    97
       Headbutt          |     7 |     6 ||    13
       Punch             |     1 |       ||     1
  Use: Scroll            |     3 |       ||     3
 Stab: Sleeping          |     1 |       ||     1
Armor: Animal skin       |     8 |       ||     8
       Chain mail        |       |     8 ||     8
Dodge: Dodged            |    44 |     5 ||    49
Block: Other             |     2 |     5 ||     7
